 Dungeon Crawl Stone Soup version 0.21.1 (webtiles) character file.

6301 garbagetei the Magician (level 10, 0/118 HPs)
             Began as a Gnoll Skald on Feb 2, 2018.
             Was a High Priest of Okawaru.
             Engulfed by a cloud of flame (5 damage)
             ... in a volcano.
             The game lasted 00:36:46 (8468 turns).

garbagetei the Magician (Gnoll Skald)               Turns: 8468, Time: 00:36:47

Health: 0/118      AC:  6    Str: 25    XL:     10   Next: 95%
Magic:  18/21      EV: 21    Int: 17    God:    Okawaru [*****.]
Gold:   291        SH:  7    Dex: 16    Spells: 14/24 levels left

rFire    + . .     SeeInvis .   E - +1 rapier (freeze)
rCold    x . .     Gourm    .   p - +0 buckler
rNeg     . . .     Faith    .   b - +0 leather armour
rPois    .         Spirit   .   n - +0 helmet
rElec    .         Reflect  .   (no cloak)
rCorr    .         Harm     .   (no gloves)
MR       .....                  (no boots)
Stlth    ..........             (no amulet)
HPRegen  0.69/turn              l - +6 ring of strength
MPRegen  0.17/turn              s - ring of fire

@: berserking, heroism, singing, very slightly contaminated, hasted, invisible,
very quick
A: distributed training, fangs 1, regeneration 1, no potion heal 1, strong nose
a: Heroism, Finesse, Renounce Religion


You were in a volcano.
You worshipped Okawaru.
Okawaru was extremely pleased with you.
You were not hungry.

You visited 3 branches of the dungeon, and saw 12 of its levels.
You also visited: Volcano.

You collected 543 gold pieces.
You spent 252 gold pieces at shops.

Inventory:

Hand Weapons
 a - a +0 falchion
 r - a +2 dagger of electrocution
 D - a +3 scythe
 E - a +1 rapier of freezing (weapon)
 L - a +3 quarterstaff
 S - a +0 hand crossbow
Missiles
 u - 6 tomahawks of returning (quivered)
 C - 5 silver tomahawks
 J - 64 bolts
 K - a throwing net
 M - 5 javelins
 T - 10 arrows
Armour
 b - a +0 leather armour (worn)
 n - a +0 helmet (worn)
 o - a +0 large shield
 p - a +0 buckler (worn)
 G - the +3 scale mail "Lisusm" {rN+ Str-3 SInv}
   (You bought it in a shop on level 7 of the Dungeon)

   It affects your strength (-3).
   It protects you from negative energy.
   It lets you see invisible.
Jewellery
 l - a +6 ring of strength (left hand)
 s - a ring of fire (right hand)
 x - an uncursed ring of flight
 F - a +4 ring of protection
 O - an uncursed ring of protection from magic
Wands
 z - a wand of paralysis (12)
Scrolls
 e - 6 scrolls of amnesia
 f - 6 scrolls of remove curse {unknown}
 g - 4 scrolls of identify
 h - a scroll of enchant weapon {unknown}
 i - 3 scrolls of enchant armour
 m - 13 scrolls of teleportation {unknown}
 q - 4 scrolls of magic mapping
 t - a scroll of summoning {unknown}
 y - a scroll of noise {unknown}
 I - 3 scrolls of fear {unknown}
Potions
 j - 5 potions of degeneration
 k - 2 potions of agility
 R - a potion of magic {unknown}
Books
 c - a book of Battle

   Spells                             Type                      Level
   a - Infusion                       Charms                       1
   b - Shroud of Golubria             Charms/Translocation         2
   c - Song of Slaying                Charms                       2
   d - Spectral Weapon                Hexes/Charms                 3
   e - Regeneration                   Charms/Necromancy            3
 A - a book of Conjurations

   Spells                             Type                      Level
   a - Magic Dart                     Conjuration                  1
   b - Searing Ray                    Conjuration                  2
   c - Dazzling Spray                 Conjuration/Hexes            3
   d - Fulminant Prism                Conjuration/Hexes            4
   e - Force Lance                    Conjuration/Translocation    4
   f - Iskenderun's Mystic Blast      Conjuration                  4
 B - a book of Power

   Spells                             Type                      Level
   a - Iskenderun's Battlesphere      Conjuration/Charms           5
   b - Venom Bolt                     Conjuration/Poison           5
   c - Bolt of Magma                  Conjuration/Fire/Earth       5
   d - Iron Shot                      Conjuration/Earth            6
   e - Orb of Destruction             Conjuration                  7
   f - Spellforged Servitor           Conjuration/Summoning        7
 H - a book of Cantrips

   Spells                             Type                      Level
   a - Confusing Touch                Hexes                        1
   b - Animate Skeleton               Necromancy                   1
   c - Summon Small Mammal            Summoning                    1
   d - Apportation                    Translocation                1
Comestibles
 d - 11 rations
 P - 6 chunks of flesh


   Skills:
 + Level 7.3(12.3) Fighting
 + Level 5.6(10.6) Short Blades
 + Level 7.3(12.3) Long Blades
 + Level 5.6(10.6) Axes
 + Level 5.6(10.6) Maces & Flails
 + Level 5.6(10.6) Polearms
 + Level 5.6(10.6) Staves
 + Level 5.6(10.6) Slings
 + Level 5.6(10.6) Bows
 + Level 5.6(10.6) Crossbows
 + Level 5.6(10.6) Throwing
 + Level 6.2(11.2) Armour
 + Level 7.3(12.3) Dodging
 + Level 5.6(10.6) Stealth
 + Level 5.6(10.6) Shields
 + Level 5.6(10.6) Unarmed Combat
 + Level 7.6 Spellcasting
 + Level 4.6 Conjurations
 + Level 4.6 Hexes
 + Level 7.3 Charms
 + Level 4.6 Summonings
 + Level 4.6 Necromancy
 + Level 4.6 Translocations
 + Level 4.6 Transmutations
 + Level 4.6 Fire Magic
 + Level 4.6 Ice Magic
 + Level 4.6 Air Magic
 + Level 4.6 Earth Magic
 + Level 4.6 Poison Magic
 + Level 6.2 Invocations
 + Level 5.6 Evocations


You had 14 spell levels left.
You knew the following spells:

 Your Spells              Type           Power        Failure   Level  Hunger
a - Infusion              Chrm           ####         1%          1    None
b - Song of Slaying       Chrm           ####....     1%          2    None
c - Shroud of Golubria    Chrm/Tloc      ####......   1%          2    None
d - Regeneration          Chrm/Necr      ####......   3%          3    #......
e - Searing Ray           Conj           ###...       2%          2    None


Dungeon Overview and Level Annotations

Branches:
Dungeon (10/15)            Temple (1/1) D:5            Lair (1/6) D:8
    Orc: D:9-12

Altars:
Ashenzari
Cheibriados
Fedhas
Gozag
Hepliaklqana
Kikubaaqudgha
Makhleb
Okawaru
Qazlal
Sif Muna
Trog
Uskayaw
Vehumet
Wu Jian
Xom
Yredelemnul
Zin
The Shining One

Shops:
D:7 *

Annotations:
D:2 1 runed door


Innate Abilities, Weirdness & Mutations

Your experience applies equally to all skills.
You have very sharp teeth.
Your uncanny sense of smell can sniff out nearby items.
Your natural rate of healing is unusually fast.
Potions are less effective at restoring your health.


Message History

The fire bat bites you.
* * * LOW HITPOINT WARNING * * *
You are engulfed in flames.
You resist.
* * * LOW HITPOINT WARNING * * *
The steam dragon breathes steam at you. The ball of steam misses you.
It was a potion of berserk rage.
A red film seems to cover your vision as you go berserk!
You feel yourself moving faster!
You feel mighty! You resist.
* * * LOW HITPOINT WARNING * * *
The fire bat bites you.
* * * LOW HITPOINT WARNING * * *
You are engulfed in flames.
You resist.
* * * LOW HITPOINT WARNING * * *
You block the lava snake's attack.
You hit the steam dragon. You freeze the steam dragon.
You bite the steam dragon.
The steam dragon is severely wounded.
You resist.
You die...

,≈≈≈≈≈≈≈≈≈≈§§≈≈≈.#,,,,*,...,*,,,,
,≈≈≈≈≈≈≈≈§§§≈§§§§###++###'#**++**
≈≈≈§≈≈≈≈≈§§§§≈≈§§#......#.#,,,,,,
,≈≈§≈≈≈≈≈§§§≈≈≈§§######.#.#,*****
.≈≈§≈≈≈§≈§§§§§§§§#,∆∆∆*,#.#,*∆∆∆,
..§§≈≈§§§≈§§§§§§§#,∆∆∆*,#.#,*∆∆∆,
..§≈≈≈≈§§§§§§§§§.#,,∆∆*,#.#,*∆∆,,
...≈≈≈§§§§§§§≈≈§.#,,,,,,#.#,,,,,,
.≈≈≈§§≈§§§§§§§§§@########'#######
.≈≈≈§≈≈§≈§§.§≈§.SD..............§
..≈§≈≈§§.≈§≈§§§bS≈§≈≈§≈≈≈§§§≈≈≈≈§
.......≈§§§§§§§§§≈≈§§§≈≈§§§≈≈§§≈≈
.....≈≈≈≈§§§§§≈§§§§§§§§§§§§§≈≈≈≈≈
.......≈≈§§§§§§§§§§§§§≈§§§§≈§§≈§§
.........§§≈§≈§§§§§§§≈≈≈≈≈≈§≈≈§≈§
##.......§§§§≈§§§§§§≈≈≈≈§≈≈§§§§.§
###.........§§≈§≈≈§§≈≈≈§≈≈.§§...


You could see a steam dragon, a fire bat and 2 lava snakes.

Vanquished Creatures
  A two-headed ogre (D:8)
  A hell hog (Volcano)
  A lindwurm (Lair:1)
  A spiny frog (Lair:1)
  A troll (D:10)
  A hornet (D:7)
  2 hippogriffs
  Sigmund (D:6)
  2 fire bats (Volcano)
  Menkaure (D:6)
  A hell hound (Volcano)
  2 porcupines (Lair:1)
  An ice beast (D:5)
  An orc warrior (D:8)
  4 ogres
  7 wolves
  5 bullfrogs
  3 scorpions
  A wyvern skeleton (D:8)
  A water moccasin skeleton (D:5)
  2 howler monkeys
  An electric eel (D:8)
  A crimson imp (D:5)
  A bullfrog zombie (D:7)
  A lava snake (Volcano)
  5 hounds
  3 orc priests
  A centaur skeleton (D:8)
  A bullfrog skeleton (D:5)
  Terence (D:2)
  3 iguanas
  4 orc wizards
  5 worker ants
  2 hound skeletons
  A worker ant zombie (D:9)
  10 adders
  2 shadow imps
  3 adder skeletons
  A worm (D:2)
  3 dart slugs
  8 leopard geckos
  21 orcs
  A ball python (D:3)
  4 giant cockroaches
  7 goblins
  12 hobgoblins
  8 jackals
  2 quokkas
  4 bats
  4 frilled lizards
  8 kobolds
  16 rats
184 creatures vanquished.

Notes
Turn   | Place    | Note
-------+----------+-------------------------------------------
     0 | D:1      | garbagetei the Gnoll Skald began the quest for the Orb.
     0 | D:1      | Reached XP level 1. HP: 20/20 MP: 6/6
    98 | D:1      | Reached XP level 2. HP: 12/26 MP: 3/7
   469 | D:1      | Learned a level 2 spell: Song of Slaying
   472 | D:1      | Learned a level 2 spell: Shroud of Golubria
   589 | D:1      | Reached XP level 3. HP: 26/31 MP: 9/9
   736 | D:1      | Reached skill level 5 in Spellcasting
  1225 | D:3      | Reached skill level 1 in Invocations
  1250 | D:2      | Noticed an ogre
  1419 | D:2      | Reached skill level 1 in Short Blades
  1419 | D:2      | Reached skill level 1 in Axes
  1419 | D:2      | Reached skill level 1 in Maces & Flails
  1419 | D:2      | Reached skill level 1 in Polearms
  1419 | D:2      | Reached skill level 1 in Staves
  1419 | D:2      | Reached skill level 1 in Slings
  1419 | D:2      | Reached skill level 1 in Bows
  1419 | D:2      | Reached skill level 1 in Crossbows
  1419 | D:2      | Reached skill level 1 in Throwing
  1419 | D:2      | Reached skill level 1 in Stealth
  1419 | D:2      | Reached skill level 1 in Shields
  1419 | D:2      | Reached skill level 1 in Unarmed Combat
  1419 | D:2      | Reached skill level 1 in Evocations
  1419 | D:2      | Reached XP level 4. HP: 34/38 MP: 4/11
  1700 | D:2      | Found a runed door.
  1849 | D:2      | Learned a level 3 spell: Regeneration
  1971 | D:2      | Reached skill level 1 in Conjurations
  1971 | D:2      | Reached skill level 1 in Hexes
  1971 | D:2      | Reached skill level 1 in Summonings
  1971 | D:2      | Reached skill level 1 in Necromancy
  1971 | D:2      | Reached skill level 1 in Translocations
  1971 | D:2      | Reached skill level 1 in Transmutations
  1971 | D:2      | Reached skill level 1 in Fire Magic
  1971 | D:2      | Reached skill level 1 in Ice Magic
  1971 | D:2      | Reached skill level 1 in Air Magic
  1971 | D:2      | Reached skill level 1 in Earth Magic
  1971 | D:2      | Reached skill level 1 in Poison Magic
  1978 | D:2      | Killed an ogre
  1978 | D:2      | Reached XP level 5. HP: 25/43 MP: 1/12
  2232 | D:3      | Noticed Terence
  2310 | D:2      | Reached XP level 6. HP: 11/50 MP: 9/13
  2689 | D:2      | Killed Terence
  3334 | D:4      | Reached skill level 5 in Fighting
  3334 | D:4      | Reached skill level 5 in Long Blades
  3334 | D:4      | Reached skill level 5 in Dodging
  3772 | D:5      | Entered Level 5 of the Dungeon
  3772 | D:5      | Found a staircase to the Ecumenical Temple.
  3782 | Temple   | Entered the Ecumenical Temple
  3814 | Temple   | Became a worshipper of Warmaster Okawaru
  3848 | D:5      | Learned a level 2 spell: Searing Ray
  3854 | D:5      | Noticed an ice beast
  3897 | D:5      | Reached XP level 7. HP: 46/56 MP: 15/15
  4065 | D:6      | Noticed Sigmund
  4240 | D:5      | Found a burning altar of Makhleb.
  4379 | D:5      | Gained mutation: Potions are less effective at restoring your health. [potion of mutation]
  4379 | D:5      | Gained mutation: Your natural rate of healing is unusually fast. [potion of mutation]
  4476 | D:5      | Reached * piety under Okawaru
  4769 | D:5      | Reached XP level 8. HP: 63/63 MP: 10/16
  4925 | D:6      | Noticed Menkaure
  5023 | D:6      | HP: 1/63 [Menkaure/nerve-wracking pain (7)]
  5024 | D:6      | Killed Menkaure
  5024 | D:6      | Reached ** piety under Okawaru
  5464 | D:6      | Found a snail-covered altar of Cheibriados.
  5710 | D:6      | Killed Sigmund
  5728 | D:7      | Found Dicwurel's Assorted Antiques.
  5771 | D:7      | Bought a shimmering scale mail for 252 gold pieces
  5781 | D:7      | Identified the +3 scale mail "Lisusm" {rN+ Str-3 SInv} (You bought it in a shop on level 7 of the Dungeon)
  6318 | D:7      | Reached XP level 9. HP: 69/69 MP: 13/18
  6602 | D:8      | Reached *** piety under Okawaru
  6657 | D:8      | Noticed a hornet
  6685 | D:7      | Killed a hornet
  6764 | D:8      | Reached skill level 5 in Armour
  7165 | D:8      | Found a staircase to the Lair.
  7530 | D:8      | Noticed a two-headed ogre
  7537 | D:8      | Killed a two-headed ogre
  7537 | D:8      | Reached **** piety under Okawaru
  7537 | D:8      | Reached skill level 5 in Invocations
  7537 | D:8      | Reached XP level 10. HP: 77/77 MP: 14/20
  7721 | D:10     | Entered Level 10 of the Dungeon
  7778 | D:10     | Reached ***** piety under Okawaru
  7969 | Lair:1   | Entered Level 1 of the Lair of Beasts
  7976 | Lair:1   | Received a gift from Okawaru
  7976 | Lair:1   | Reached skill level 5 in Short Blades
  7976 | Lair:1   | Reached skill level 5 in Axes
  7976 | Lair:1   | Reached skill level 5 in Maces & Flails
  7976 | Lair:1   | Reached skill level 5 in Polearms
  7976 | Lair:1   | Reached skill level 5 in Staves
  7976 | Lair:1   | Reached skill level 5 in Slings
  7976 | Lair:1   | Reached skill level 5 in Bows
  7976 | Lair:1   | Reached skill level 5 in Crossbows
  7976 | Lair:1   | Reached skill level 5 in Throwing
  7976 | Lair:1   | Reached skill level 5 in Stealth
  7976 | Lair:1   | Reached skill level 5 in Shields
  7976 | Lair:1   | Reached skill level 5 in Unarmed Combat
  7976 | Lair:1   | Reached skill level 5 in Evocations
  8019 | Lair:1   | Noticed a spiny frog
  8036 | Lair:1   | Killed a spiny frog
  8199 | Lair:1   | Noticed a lindwurm
  8201 | Lair:1   | Found a dark tunnel.
  8238 | Lair:1   | Killed a lindwurm
  8321 | Volcano  | Entered a volcano
  8414 | Volcano  | Found a radiant altar of Vehumet.
  8414 | Volcano  | Noticed a hell hog
  8435 | Volcano  | Killed a hell hog
  8435 | Volcano  | Received a gift from Okawaru
  8467 | Volcano  | HP: 5/118 [fire bat (4)]
  8468 | Volcano  | Engulfed by a cloud of flame

Skill      XL: |  1  2  3  4  5  6  7  8  9 10 |
---------------+-------------------------------+-----
Spellcasting   | 5 6 7 |  7.6
Invocations    | 1 2 3 4 5 6 |  6.2
Short Blades   | 1 2 3 4 5 |  5.6
Axes           | 1 2 3 4 5 |  5.6
Maces & Flails | 1 2 3 4 5 |  5.6
Polearms       | 1 2 3 4 5 |  5.6
Staves         | 1 2 3 4 5 |  5.6
Slings         | 1 2 3 4 5 |  5.6
Bows           | 1 2 3 4 5 |  5.6
Crossbows      | 1 2 3 4 5 |  5.6
Throwing       | 1 2 3 4 5 |  5.6
Stealth        | 1 2 3 4 5 |  5.6
Shields        | 1 2 3 4 5 |  5.6
Unarmed Combat | 1 2 3 4 5 |  5.6
Evocations     | 1 2 3 4 5 |  5.6
Conjurations   | 1 2 3 4 |  4.6
Hexes          | 1 2 3 4 |  4.6
Summonings     | 1 2 3 4 |  4.6
Necromancy     | 1 2 3 4 |  4.6
Translocations | 1 2 3 4 |  4.6
Transmutations | 1 2 3 4 |  4.6
Fire Magic     | 1 2 3 4 |  4.6
Ice Magic      | 1 2 3 4 |  4.6
Air Magic      | 1 2 3 4 |  4.6
Earth Magic    | 1 2 3 4 |  4.6
Poison Magic   | 1 2 3 4 |  4.6
Armour         | 3 4 5 6 |  6.2
Fighting       | 5 6 7 |  7.3
Long Blades    | 5 6 7 |  7.3
Dodging        | 5 6 7 |  7.3
Charms         | 6 7 |  7.3

Action                   |  1- 3 |  4- 6 |  7- 9 | 10-12 || total
-------------------------+-------+-------+-------+-------++-------
Melee: Falchion          |   101 |    76 |       |       ||   177
       Bite              |    11 |    24 |    25 |    21 ||    81
       Dagger            |       |   110 |   234 |    85 ||   429
       Rapier            |       |       |       |    15 ||    15
 Fire: Hand crossbow     |       |       |       |     1 ||     1
Throw: Tomahawk          |       |       |    13 |     1 ||    14
 Cast: Infusion          |     4 |     8 |    26 |     6 ||    44
       Shroud of Golubri |     1 |     2 |     5 |     4 ||    12
       Song of Slaying   |       |     2 |     7 |     3 ||    12
       Searing Ray       |       |       |     2 |     1 ||     3
       Regeneration      |       |       |     4 |     5 ||     9
Invok: Heroism           |       |       |       |     3 ||     3
Evoke: Wand              |       |       |     2 |     2 ||     4
  Use: Scroll            |       |       |     9 |     3 ||    12
       Potion            |       |       |     4 |     5 ||     9
 Stab: Distracted        |     1 |       |       |       ||     1
       Sleeping          |       |       |     2 |     1 ||     3
       Paralysed         |       |       |     2 |     2 ||     4
  Eat: Chunk             |     2 |     7 |     9 |     4 ||    22
       Ration            |       |       |     1 |       ||     1
Armor: Leather armour    |    28 |    33 |    35 |    35 ||   131
       Scale mail        |       |       |     2 |       ||     2
Dodge: Dodged            |    74 |   118 |   162 |   108 ||   462
Block: Buckler           |       |    37 |    33 |    30 ||   100
       Rpst.: Falchion   |    17 |    14 |       |       ||    31
